cohdb
Replays
Latest Replays
All Replays
Popular Replays
Top Player Replays
Match Explorer
How It Works
Community
CoH3 Stats
Reddit
Sign in to upload your games and track your stats! →
Sign in with Steam
Match 44697850
Unlisted
Match 44697850
Overview
Messages
Build Orders
End
Kettenkrad Recon Vehicle
Construct Infanterie Kompanie
MG 42 Machine Gun Team
MG 42 Machine Gun Team
Grenadier Squad
Construct Panzergrenadier Kompanie
251 Medium Carrier
Grenadier Squad
Grenadier Squad
Selects Breakthrough Battlegroup
Selects Assault Grenadiers
Panzergrenadier Squad
Pak 40 Anti-tank Gun Team
Construct Panzer Kompanie
Selects Breakthrough
Breakthrough
Panzer IV Medium Tank
Selects Incendiary Bombing Run
Incendiary Bombing Run
Grenadier Squad
Panzer IV Medium Tank
MG 42 Bunker
Side Skirts
Incendiary Bombing Run
Selects 2.5-tonne Cargo Truck
Selects Blitzkrieg
Grenadier Squad
Grenadier Squad
Incendiary Bombing Run
Butcher
MerDoK
vincent
Borland
Beze
Zoltanus
UCAGC
[BRE] Barnabé
0
0
Comments
sign in to comment!
No comments posted yet!